 Dungeon Crawl Stone Soup version 0.24.1-8-ga250c9d538 (webtiles) character file.

Game seed: 13406928770294340486, levelgen mode: deterministic

92 Peloso the Skirmisher (level 4, -2/35 HPs)
             Began as a Demonspawn Fighter on May 1, 2020.
             Slain by Terence
             ... wielding a +0 flail
              (7 damage)
             ... on level 3 of the Dungeon.
             The game lasted 00:03:29 (1879 turns).

Peloso the Skirmisher (Demonspawn Fighter)          Turns: 1879, Time: 00:03:29

Health: -2/35      AC:  9    Str: 22    XL:     4   Next: 35%
Magic:  4/4        EV:  7    Int: 10    God:
Gold:   73         SH:  9    Dex: 12    Spells: 3/3 levels left

rFire    . . .     SeeInvis .   a - +0 long sword
rCold    . . .     Gourm    .   c - +0 shield
rNeg     . . .     Faith    .   b - +0 scale mail
rPois    .         Spirit   .   (no helmet)
rElec    .         Reflect  .   (no cloak)
rCorr    .         Harm     .   (no gloves)
MR       .....                  (no boots)
Stlth    ..........             (no amulet)
HPRegen  0.11/turn              (no ring)
MPRegen  0.09/turn              (no ring)

@: mighty
A: slimy green scales 2
a: no special abilities


You were on level 3 of the Dungeon.
You were not hungry.

You visited 1 branch of the dungeon, and saw 3 of its levels.

You collected 73 gold pieces.

Inventory:

Hand Weapons
 a - a +0 long sword (weapon)
Armour
 b - a +0 scale mail (worn)
 c - a +0 shield (worn)
Jewellery
 s - an uncursed ring of flight {unknown}
Wands
 u - a wand of polymorph (4)
Scrolls
 e - a scroll of teleportation {unknown}
 g - a scroll of identify {unknown}
 j - 2 scrolls of amnesia {unknown}
 k - 2 scrolls of remove curse {unknown}
 l - 2 scrolls of immolation {unknown}
 n - a scroll of random uselessness {unknown}
 q - 2 scrolls of enchant armour {unknown}
 r - a scroll of fog {unknown}
Potions
 d - a potion of might
 i - a potion of flight {unknown}
 m - 2 potions of brilliance
 o - a potion of haste
 p - a potion of mutation {unknown}
 t - a potion of heal wounds {unknown}
 v - a potion of agility {unknown}
Comestibles
 f - 6 rations


   Skills:
 + Level 3.4 Fighting
 + Level 2.4 Long Blades
 + Level 3.2 Armour
 + Level 0.5 Dodging
 + Level 0.2 Stealth
 + Level 3.4 Shields


You had 3 spell levels left.
You didn't know any spells.
Your spell library was empty.

Dungeon Overview and Level Annotations

Branches:
Dungeon (3/15)

Altars:
Gozag
Wu Jian
The Shining One

Annotations:
D:3 Terence


Innate Abilities, Weirdness & Mutations

You are mostly covered in slimy green scales. (AC +3)


Message History

Terence hits you with a +0 flail. x2
Unknown command.
You hit Terence but do no damage.
Terence is severely wounded.
You block Terence's attack. Terence hits you with a +0 flail.
* * * LOW HITPOINT WARNING * * *
You feel very mighty all of a sudden. Terence hits you but does no damage.
You closely miss Terence.
Terence is severely wounded.
You block Terence's attack. Terence hits you but does no damage.
You barely miss Terence.
Terence is severely wounded.
You block Terence's attack.
You hit Terence.
Terence is almost dead.
Terence hits you with a +0 flail.
* * * LOW HITPOINT WARNING * * *
Terence hits you with a +0 flail!
You die...

.. #....#.###..#. #.#
#....#......#) ..
##...........#. #.
.....#.##...#. ##.##
#...........#. ....
#..#....#...#.
##.####.###..#..#.#....)
.............#....#..###
#.####@###....#........
#@# ##.######....# #.#
#........##.. ...
..######.##.# ##.
#..##.....##..
.##..####.####.. .##..#
#.# #.. ..#.. #.# #..
#.#####.


You could see Terence (berserk).

Vanquished Creatures
  An orc wizard (D:3)
  2 adders (D:2)
  An ooze (D:1)
  A worm (D:2)
  A dart slug (D:1)
  3 orcs (D:3)
  3 giant cockroaches (D:1)
  3 hobgoblins
  4 jackals (D:1)
  3 bats
  6 frilled lizards
  3 goblins (D:2)
  4 kobolds
  4 rats
39 creatures vanquished.

Notes
Turn   | Place    | Note
-------+----------+-------------------------------------------
     0 | D:1      | Peloso the Demonspawn Fighter began the quest for the Orb.
     0 | D:1      | Reached XP level 1. HP: 18/18 MP: 1/1
   117 | D:1      | Gained mutation: You are partially covered in slimy green
                  | scales. (AC +2) [demonic ancestry]
   117 | D:1      | Reached XP level 2. HP: 20/24 MP: 2/2
   726 | D:2      | Reached XP level 3. HP: 3/29 MP: 3/3
  1357 | D:2      | Found an ornate altar of the Wu Jian Council.
  1512 | D:2      | Found a glowing golden altar of the Shining One.
  1512 | D:2      | Found an opulent altar of Gozag.
  1678 | D:3      | Gained mutation: You are mostly covered in slimy green
                  | scales. (AC +3) [demonic ancestry]
  1678 | D:3      | Reached XP level 4. HP: 30/35 MP: 4/4
  1866 | D:3      | Noticed Terence
  1879 | D:3      | Slain by Terence

Levels and vault maps discovered:
D:1:      minmay_arrival_widening_spiral_wide, layout_rooms
D:2:      layout_rooms, nicolae_overflow_crystal_walls,
          nicolae_overflow_hidden_temple, first_ration
D:3:      layout_basic, uniq_terence

Skill      XL: |  1  2 |
---------------+-------+-----
Long Blades    | 2 |  2.4
Armour         | 3 |  3.2
Shields        | 3 |  3.4
Fighting       | |  3.4
Dodging        | |  0.5
Stealth        | |  0.2

Action                   |  1- 3 |  4- 6 || total
-------------------------+-------+-------++-------
Melee: Long sword        |   164 |    16 ||   180
  Use: Potion            |     3 |     1 ||     4
  Eat: Chunk             |     2 |     1 ||     3
Armor: Scale mail        |    99 |     2 ||   101
       Skin              |     1 |     1 ||     2
Dodge: Dodged            |    46 |     1 ||    47
Block: Shield            |    86 |     5 ||    91
       Rpst.: Long sword |    11 |     1 ||    12
